 Dungeon Crawl Stone Soup version 0.27-a0-1193-g8631133539 (webtiles) character file.

Game seed: 9032740253261391220

196 Wyvernaa the Poker (level 5, -6/47 HPs)
             Began as a Hill Orc Monk on May 26, 2021.
             Mangled by a scorpion (8 damage)
             ... on level 5 of the Dungeon.
             The game lasted 00:09:13 (3962 turns).

Wyvernaa the Poker (Hill Orc Monk)                  Turns: 3962, Time: 00:09:14

Health: -6/47      AC:  8    Str: 14    XL:     5   Next: 75%
Magic:  5/5        EV:  8    Int: 10    God:
Gold:   108        SH:  7    Dex: 14    Spells: 4/4 levels left

rFire    . . .     SeeInvis .   a - +0 spear
rCold    . . .     Faith    .   p - +0 kite shield
rNeg     . . .     Spirit   .   c - +1 ring mail
rPois    .         Reflect  .   i - +1 helmet
rElec    .         Harm     .   (no cloak)
rCorr    .         Rampage  .   (no gloves)
Will     .....                  (no boots)
Stlth    +.........             (no amulet)
HPRegen  0.15/turn              (no ring)
MPRegen  0.09/turn              (no ring)

@: no status effects
A: no striking features
a: no special abilities


You were on level 5 of the Dungeon.
You visited 1 branch of the dungeon, and saw 6 of its levels.

You collected 108 gold pieces.

Inventory:

Hand Weapons
 a - a +0 spear (weapon)
Armour
 c - a +1 ring mail (worn)
 d - a +0 leather armour
 i - a +1 helmet (worn)
 p - a +0 kite shield (worn)
Potions
 e - 3 potions of flight


   Skills:
 + Level 4.3 Fighting
 * Level 5.3 Polearms
 * Level 2.2 Armour
 + Level 2.6 Dodging
 + Level 2.1 Stealth
 * Level 0.3 Shields


You had 4 spell levels left.
You didn't know any spells.
Your spell library was empty.

Dungeon Overview and Level Annotations

Branches:
Dungeon (6/15)
 Temple: D:4-7

Altars:
Cheibriados
Gozag
Makhleb
Sif Muna
Xom


Message History

You are no longer poisoned.
You block the scorpion's attack. The scorpion stings you.
You closely miss the scorpion.
The scorpion is moderately wounded.
The scorpion stings you.
You are poisoned.
The scorpion poisons you!
You hit the scorpion.
The scorpion is severely wounded.
* * * LOW HITPOINT WARNING * * *
You feel very sick.
The scorpion stings you but does no damage.
You hit the scorpion.
The scorpion is severely wounded.
You feel sick. You block the scorpion's attack. The scorpion barely misses you.
You closely miss the scorpion.
The scorpion is severely wounded.
You feel sick. The scorpion stings you.
* * * LOW HITPOINT WARNING * * *
You closely miss the scorpion.
The scorpion is severely wounded.
You feel sick.
The scorpion stings you but does no damage.
The scorpion completely misses you.
You closely miss the scorpion.
The scorpion is severely wounded.
* * * LOW HITPOINT WARNING * * *
You feel sick. The scorpion completely misses you.
You hit the scorpion.
The scorpion is almost dead.
You feel sick. The scorpion barely misses you.
You hit the scorpion but do no damage.
The scorpion is severely wounded.
You feel sick. The scorpion closely misses you. The scorpion barely misses you.
You closely miss the scorpion.
The scorpion is severely wounded.
You feel sick.
You are no longer poisoned.
The scorpion stings you!
You die...

###########
#.#@....... #
#...s..####
..###.#...##.#
.......>### #
..###.#.#
#.#.# # #.#
#.# #.#


You could see a scorpion.

Vanquished Creatures
  A hound (D:4)
  3 gnolls (D:2)
  7 adders
  2 ufetubi
  2 worms
  2 dart slugs (D:2)
  5 ball pythons
  3 bats (D:1)
  2 endoplasms
  2 giant cockroaches
  8 goblins
  4 hobgoblins
  2 jackals (D:2)
  6 kobolds
  4 quokkas
  2 frilled lizards (D:1)
  6 rats
61 creatures vanquished.

Notes
Turn   | Place    | Note
-------+----------+-------------------------------------------
     0 | D:1      | Wyvernaa the Hill Orc Monk began the quest for the Orb.
     0 | D:1      | Reached XP level 1. HP: 19/19 MP: 1/1
   255 | D:1      | Reached XP level 2. HP: 27/27 MP: 2/2
   542 | D:1      | Reached skill level 4 in Polearms
  1014 | D:2      | Reached XP level 3. HP: 33/33 MP: 3/3
  1303 | D:2      | Found a faded altar of an unknown god.
  1314 | D:2      | Reached skill level 1 in Armour
  1391 | D:2      | Found a shimmering altar of Xom.
  1446 | D:2      | Reached XP level 4. HP: 30/40 MP: 4/4
  2486 | D:3      | Reached skill level 5 in Polearms
  2511 | D:3      | Reached XP level 5. HP: 46/46 MP: 5/5
  3143 | D:3      | Found a shimmering blue altar of Sif Muna.
  3143 | D:3      | Found an opulent altar of Gozag.
  3564 | D:4      | Found a burning altar of Makhleb.
  3667 | D:4      | You fall into a shaft and drop 2 floors!
  3667 | D:6      | Found a snail-covered altar of Cheibriados.
  3668 | D:6      | Noticed an ogre
  3928 | D:6      | Noticed a black bear
  3933 | D:6      | Noticed an ice beast
  3936 | D:5      | Entered Level 5 of the Dungeon
  3961 | D:5      | HP: 2/47 [poisoned by a scorpion]
  3962 | D:5      | Mangled by a scorpion

Illustrated notes

Levels and vault maps discovered:
D:1:      sevenhm_arrival_forest_fort_small_4, layout_loops_cross,
          minmay_misc_feat_tower, grunt_decor_fettered, minmay_unequal
D:2:      layout_basic, hellmonk_ecumenical_altar_run_dry, basic_altar
D:3:      layout_loops_ring, gammafunk_temple_overflow_elements
D:4:      layout_basic, lemuel_doored_altar, lemuel_coloured_pillars_altar,
          grunt_decor_junction
D:5:      cheibrodos_fzero, layout_basic, minmay_temple_entry_offerings,
          serial_bayou_ford_a, uniq_sigmund
D:6:      layout_rooms, dancing_weapons_uskayaw, slow_altar_1

Skill      XL: |  1  2  3  4  5 |
---------------+----------------+-----
Polearms       | 4 5 |  5.3
Fighting       | 4 |  4.3
Armour         | 1 2 |  2.2
Stealth        | 2 |  2.1
Dodging        | |  2.6
Shields        | |  0.3

Action                   |  1- 3 |  4- 6 || total
-------------------------+-------+-------++-------
Melee: Spear             |   120 |   185 ||   305
  Use: Scroll            |     2 |     6 ||     8
       Potion            |       |     6 ||     6
 Stab: Sleeping          |     3 |     3 ||     6
       Invisible         |       |     4 ||     4
Armor: Robe              |    10 |       ||    10
       Ring mail         |     9 |    54 ||    63
       Skin              |       |     9 ||     9
Dodge: Dodged            |    47 |    75 ||   122
Block: Kite shield       |       |    16 ||    16

Table legend: (Time is in decaauts)
 A = Elapsed time spent in this place.
 B = Non-inter-level travel time spent in this place.
 C = Inter-level travel time spent in this place.
 D = Time resting spent in this place.
 E = Time spent auto-exploring this place.
 F = Levels seen in this place.
 G = Mean time per level.
                   A        B        C        D        E       F      G
               +--------+--------+--------+--------+--------+-----+--------+
         Total |   3941 |   3730 |    211 |    420 |   2504 |   6 |  656.8 |
       Dungeon |   3941 |   3730 |    211 |    420 |   2504 |   6 |  656.8 |
               +--------+--------+--------+--------+--------+-----+--------+

Top non-repeatable levels by time:
     D:2: 1288 daAuts
     D:1: 1062 daAuts
     D:3: 832 daAuts
     D:4: 473 daAuts
     D:6: 257 daAuts
     D:5: 28 daAuts
